 Dungeon Sprint DCSS version 0.17-a0-18-gc25b939 (webtiles) character file.

1098 Ololoev the Prestidigitator (level 8, -2/85 HPs)
             Began as a Naga Artificer on Mar 12, 2015.
             Was a High Priest of Cheibriados.
             Killed from afar by a burning bush (12 damage)
             ... with a puff of flame
             ... in the Dungeon (Sprint IV: "Fedhas' Mad Dash").
             The game lasted 00:09:20 (3392 turns).

Ololoev the Prestidigitator (Naga Artificer)        Turns: 3392, Time: 00:09:20

Health: -2/85      AC:  4    Str: 25    XL:     8   Next: 32%
Magic:  21/22      EV: 10    Int: 24    God:    Cheibriados [*****.]
Gold:   161        SH:  0    Dex: 24    Spells: 0 memorised, 7 levels left

rFire  . . .     SeeInvis +     b - +1 dagger (elec)
rCold  . . .     Clarity  .     e - +0 leather armour
rNeg   . . .     SustAb   .     (no shield)
rPois  +         Gourm    .     (no helmet)
rElec  .         Spirit   .     (no cloak)
rCorr  .         Warding  .     (no gloves)
rMut   .         NoTele   +     (no barding)
MR     +....                    (no amulet)
Stlth  +.........               (no ring)
                                n - ring of invisibility

@: confused, very slightly contaminated, invisible, very slow, somewhat
resistant to hostile enchantments, very unstealthy
A: spit poison, see invisible, deformed body, poison resistance, slowness 2, AC
+2
a: Spit Poison, Bend Time, Temporal Distortion, Slouch, Step From Time, Renounce
Religion, Turn Visible


You were in the Dungeon.
You worshipped Cheibriados.
Cheibriados was extremely pleased with you.
You were hungry.

You visited 1 branch You collected 161 gold pieces.

Notes
Turn   | Place    | Note
--------------------------------------------------------------
     0 | D        | Ololoev, the Naga Artificer, began the quest for the Orb.
     0 | D        | Reached XP level 1. HP: 18/18 MP: 1/1
     4 | D        | Reached skill level 5 in Evocations
     4 | D        | Reached XP level 2. HP: 25/25 MP: 3/3
    70 | D        | Noticed an oklob sapling
    73 | D        | Killed an oklob sapling
    73 | D        | Reached skill level 7 in Evocations
    73 | D        | Reached XP level 3. HP: 31/31 MP: 4/6
    76 | D        | Noticed a worker ant
    84 | D        | Killed a worker ant
    84 | D        | Reached skill level 8 in Evocations
    84 | D        | Reached XP level 4. HP: 17/38 MP: 6/9
   317 | D        | Found a snail-covered altar of Cheibriados.
   317 | D        | Found a glowing silver altar of Zin.
   317 | D        | Found a white marble altar of Elyvilon.
   317 | D        | Found a viscous altar of Jiyva.
   317 | D        | Found a radiant altar of Vehumet.
   317 | D        | Found a deep blue altar of Sif Muna.
   317 | D        | Found a burning altar of Makhleb.
   317 | D        | Found an ancient bone altar of Kikubaaqudgha.
   317 | D        | Found a bloodstained altar of Trog.
   317 | D        | Found a corrupted altar of Lugonu.
   317 | D        | Noticed an oklob sapling priest
   520 | D        | Found a glowing golden altar of the Shining One.
   520 | D        | Found a sacrificial altar of Ru.
   521 | D        | Found a shadowy altar of Dithmenos.
   521 | D        | Found a sparkling altar of Nemelex Xobeh.
   522 | D        | Found an iron altar of Okawaru.
   523 | D        | Became a worshipper of Cheibriados the Contemplative
   535 | D        | Noticed an oklob sapling
   611 | D        | Killed an oklob sapling
   611 | D        | Reached skill level 9 in Evocations
   828 | D        | Noticed a killer bee
   828 | D        | Noticed a killer bee
   828 | D        | Noticed a queen bee
   829 | D        | Noticed a killer bee
   830 | D        | Noticed a killer bee
   831 | D        | a killer bee (ally) was killed
   835 | D        | Killed a killer bee
   835 | D        | Acquired Cheibriados' first power
   835 | D        | Reached skill level 10 in Evocations
   835 | D        | Killed a queen bee
   835 | D        | Reached skill level 5 in Fighting
   835 | D        | Reached skill level 11 in Evocations
   835 | D        | Reached XP level 5. HP: 24/54 MP: 12/14
   867 | D        | Killed a killer bee
   867 | D        | Reached XP level 6. HP: 33/62 MP: 17/17
   877 | D        | Killed a killer bee
  1115 | D        | Noticed a burning bush
  1544 | D        | Noticed an oklob plant
  1550 | D        | HP: 2/62 [acid (14)]
  1874 | D        | HP: 3/62 [burning bush/puff of flame (12)]
  2189 | D        | Noticed a wandering mushroom
  2189 | D        | Noticed a burning bush
  2189 | D        | Noticed an oklob plant
  2423 | D        | Killed an oklob sapling
  2423 | D        | Reached skill level 1 in Maces & Flails
  2702 | D        | HP: 2/62 [acid (19)]
  2702 | D        | Killed an oklob plant
  2702 | D        | Acquired Cheibriados' second power
  2702 | D        | Reached skill level 12 in Evocations
  2702 | D        | Reached XP level 7. HP: 2/73 MP: 18/20
  2710 | D        | Killed a wandering mushroom
  3044 | D        | Found a shimmering altar of Xom.
  3045 | D        | Found an opulent altar of Gozag.
  3046 | D        | Found a roughly hewn altar of Beogh.
  3046 | D        | Found a basalt altar of Yredelemnul.
  3047 | D        | Found a stormy altar of Qazlal.
  3063 | D        | Killed an oklob sapling priest
  3063 | D        | Acquired Cheibriados' third power
  3232 | D        | Noticed an oklob sapling wizard
  3243 | D        | Killed an oklob sapling wizard
  3243 | D        | Reached skill level 1 in Invocations
  3354 | D        | Noticed a scorpion
  3355 | D        | Killed a scorpion
  3355 | D        | Reached XP level 8. HP: 82/82 MP: 22/22
  3355 | D        | Acquired Cheibriados' fourth power
  3371 | D        | Found Psiajaalela's Distillery.
  3371 | D        | Found Casigumn's Armour Emporium.
  3379 | D        | Noticed a burning bush
  3379 | D        | Noticed a wandering mushroom
  3381 | D        | Noticed a scorpion
  3381 | D        | Noticed a wandering mushroom
  3384 | D        | Killed a wandering mushroom
  3389 | D        | HP: 4/85 [burning bush/puff of flame (3)]
  3392 | D        | Killed from afar by a burning bush

Inventory:

Hand weapons
 b - a +1 dagger of electrocution (weapon)
 d - a +1 whip of venom
Armour
 e - a +0 leather armour (worn)
Jewellery
 n - a ring of invisibility (left hand)
Magical devices
 c - a wand of enslavement (4)
Scrolls
 l - a scroll of blinking
Potions
 j - 2 potions of magic
Comestibles
 m - 2 royal jellies

Table legend:
 A = Turns spent in this place as a percentage of turns spent in the entire game.
 B = Non-inter-level travel turns spent in this place as a percentage of non-inter-level travel turns spent in the entire game.
 C = Inter-level travel turns spent in this place as a percentage of turns spent in this place.
 D = Turns resting spent in this place as a percentage of non-inter-level travel turns spent in this place.
 E = Turns spent auto-exploring this place as a percentage of non-inter-level travel turns spent in this place.
 F = Non-inter-level travel turns spent in this place divided by the number of levels of this place that you've seen.
                   A       B       C       D       E      F
               +-------+-------+-------+-------+-------+----------------------
         Total | 100.0 | 100.0 |   0.0 |  17.8 |   0.0 | 450.0
       Dungeon | 100.0 | 100.0 |   0.0 |  17.8 |   0.0 | 450.0
               +-------+-------+-------+-------+-------+----------------------


   Skills:
 + Level 9.0 Fighting
 * Level 3.6 Short Blades
 - Level 8.8 Maces & Flails
 - Level 1.5 Dodging
 - Level 1.5 Stealth
 + Level 3.3 Invocations
 - Level 12.8 Evocations


You had 7 spell levels left.
You didn't know any spells.

Dungeon Overview and Level Annotations

Branches:
Dungeon (1/1)

Altars:
Cheibriados
Dithmenos
Elyvilon
Gozag
Kikubaaqudgha
Makhleb
Nemelex Xobeh
Okawaru
Qazlal
Ru
Sif Muna
Trog
Vehumet
Xom
Yredelemnul
Zin
The Shining One
Beogh
Jiyva
Lugonu

Shops:
D [!

Annotations:
D exclusion: oklob plant


Innate Abilities, Weirdness & Mutations

You cannot wear boots.
You can spit poison.
Your serpentine skin is tough (AC +2).
You have supernaturally acute eyesight.
Armour fits poorly on your strangely shaped body.
Your system is resistant to poisons.
You cover ground very slowly.


Message History

Cheibriados appreciates the change of pace.
You can now step out of the time flow.
Cheibriados raises the support of your attributes as your movement slows.
Your Fighting skill increases to level 9!
Your Short Blades skill gained 2 levels and is now at level 3!
Your Invocations skill increases to level 3!
The burning bush throws fire at you. The puff of flame misses you.
The wandering mushroom releases spores at you but does no damage. x2
The wandering mushroom releases spores at you!
You are engulfed in a cloud of spores!
You are confused.
You hit the wandering mushroom but do no damage.
The burning bush throws fire at you. The puff of flame hits you!
The wandering mushroom closely misses you.
You hit the wandering mushroom but do no damage.
You hit the wandering mushroom but do no damage.
There is a sudden explosion of sparks!
The wandering mushroom is moderately damaged.
The wandering mushroom releases spores at you!
You are engulfed in a cloud of spores!
You are more confused.
You hit the wandering mushroom.
The wandering mushroom is heavily damaged.
The wandering mushroom releases spores at you!
You are engulfed in a cloud of spores!
The burning bush throws fire at you. The puff of flame hits you!
Drink which item? (? for menu, Esc to quit)
You feel much better.
The wandering mushroom releases spores at you but does no damage.
Unknown command.
The burning bush throws fire at you. The puff of flame hits you!
The wandering mushroom releases spores at you.
You are engulfed in a cloud of spores!
The burning bush throws fire at you. The puff of flame hits you!
You die...

###################
....⌠.#..')..#.s..#
_._._.'..#[..#...P+
._._._#..###'##.@?#
_._._.#..##∩∩.'..f#
....⌠.#############
#######


You could see a wandering mushroom, a burning bush and a scorpion (sleeping).

Table legend:
 A = Kills in this place as a percentage of kills in entire the game.
 B = Kills by you in this place as a percentage of kills by you in the entire game.
 C = Kills by friends in this place as a percentage of kills by friends in the entire game.
 D = Other kills in this place as a percentage of other kills in the entire game.
 E = Experience gained in this place as a percentage of experience gained in the entire game.
 F = Experience gained in this place divided by the number of levels of this place that you have seen.
                   A       B       C       D       E      F
               +-------+-------+-------+-------+-------+----------------------
         Total | 100.0 | 100.0 | 100.0 |  -nan | 100.0 | 1569.0
       Dungeon | 100.0 | 100.0 | 100.0 |  -nan | 100.0 | 1569.0
               +-------+-------+-------+-------+-------+----------------------

Vanquished Creatures
  A wandering mushroom (D)
  A scorpion (D)
  4 oklob saplings (D)
  2 spriggans (D)
  A worker ant (D)
  A river rat (D)
  A rat (D)
11 creatures vanquished.

Vanquished Creatures (collateral kills)
  An oklob plant (D)
  A wandering mushroom (D)
  A queen bee (D)
  2 killer bees (D)
  An oklob sapling (D)
6 creatures vanquished.

Vanquished Creatures (others)
  2 killer bees (D)
2 creatures vanquished.

Grand Total: 19 creatures vanquished

Action                   |  1- 3 |  4- 6 |  7- 9 || total
-------------------------+-------+-------+-------++-------
Melee: Short sword       |    11 |    15 |       ||    26
       Whip              |       |    21 |    23 ||    44
       Dagger            |       |       |     6 ||     6
Invok: Slouch            |       |       |     1 ||     1
 Abil: Evoke Invisibilit |       |     6 |     3 ||     9
Evoke: Wand              |     4 |    26 |       ||    30
  Use: Potion            |       |     1 |     1 ||     2
 Stab: Sleeping          |       |     2 |     2 ||     4
       Invisible         |       |       |     4 ||     4
  Eat: Chunk             |       |     1 |     1 ||     2
       Bread ration      |       |     1 |       ||     1
       Royal jelly       |       |       |     1 ||     1

Vault maps used:
D:        dungeon_sprint_fedhas
